 Dungeon Crawl Stone Soup version 0.30.1 (webtiles) character file.

Game seed: 2585499162894759331

1337 Arctor the Changer (level 8, -2/49 HPs)
             Began as an Octopode Transmuter on July 9, 2023.
             Was an Initiate of Sif Muna.
             Slain by an orc warrior
             ... wielding a +0 scimitar
              (15 damage)
             ... on level 6 of the Dungeon.
             The game lasted 00:07:19 (4930 turns).

Arctor the Changer (Octopode Transmuter)            Turns: 4930, Time: 00:07:19

Health: -2/49      AC:  1    Str: 15    XL:     8   Next: 61%
Magic:  11/11      EV: 18    Int: 21    God:    Sif Muna [......]
Gold:   237        SH:  4    Dex:  9    Spells: 6/11 levels left

rFire   . .          .
                       - Unarmed
rCold   . . .        (no shield)
rNeg    + . .        (helmet restricted)
rPois   .            j - amulet of the acrobat
rElec   .            c - ring of positive energy
rCorr   .            o - +5 ring of evasion
SInv    .            d - +6 ring of strength
Will    .....        (no ring)
Stlth   ++           (no ring)
HPRegen 0.28/turn    (no ring)
MPRegen 0.12/turn    (no ring)
                     (no ring)

%: acrobat, clarity
@: attractive, studying Polearms
A: almost no armour, amphibious, 8 rings, camouflage 1, gelatinous body 1,
(nimble swimmer 1), tentacles, large bone plates 1, clarity, clever 1, clumsy 1
a: Renounce Religion


You were on level 6 of the Dungeon.
You worshipped Sif Muna.
Sif Muna was noncommittal.
You visited 2 branches of the dungeon, and saw 7 of its levels.

You collected 237 gold pieces.

Inventory:

Jewellery
 a - an amulet of magic regeneration
 c - a ring of positive energy (left tentacle)
 d - a +6 ring of strength (on tentacle)
 j - an amulet of the acrobat (around mantle)
 o - a +5 ring of evasion (right tentacle)
Wands
 q - a wand of flame (25)
Scrolls
 b - a scroll of teleportation
 m - 4 scrolls of noise
 n - 6 scrolls of identify
Potions
 e - a potion of attraction
 f - a potion of degeneration {unknown}
 g - a potion of brilliance
 h - 6 potions of curing {unknown}
 i - a potion of flight {unknown}
 k - a potion of invisibility {unknown}
 l - a potion of might {unknown}
 p - a potion of cancellation {unknown}


   Skills:
 - Level 1.7 Fighting
 - Level 2.5 Dodging
 + Level 5.4 Unarmed Combat
 - Level 2.4 Spellcasting
 * Level 6.5 Transmutations
 * Level 5.8 Ice Magic


You had 6 spell levels left.
You knew the following spells:

 Your Spells              Type           Power      Damage    Failure   Level
a - Beastly Appendage     Tmut           60%        N/A       1%          1
b - Ice Form              Ice/Tmut       28%        N/A       11%         4

Your spell library contained the following spells:

 Spells                   Type           Power      Damage    Failure   Level
 Wereblood                Tmut           30%        N/A       1%          2
 Spider Form              Tmut/Pois      16%        N/A       11%         3
 Foxfire                  Conj/Fire      8%         2x1d4     14%         1
 Animate Dead             Necr           2%         N/A       80%         4
 Borgnjor's Vile Clutch   Necr/Erth      1%         N/A       98%         5
 Fireball                 Conj/Fire      1%         3d3       98%         5
 Summon Forest            Summ/Tloc      1%         N/A       98%         5
 Death Channel            Necr           1%         N/A       100%        6
 Plasma Beam              Fire/Air       1%         2x1d12    100%        6
 Starburst                Conj/Fire      1%         6d3       100%        6
 Summon Cactus Giant      Summ           1%         N/A       100%        6
 Summon Hydra             Summ           1%         N/A       100%        7


Dungeon Overview and Level Annotations

Branches:
Dungeon (6/15)             Temple (1/1) D:5

Altars:
Cheibriados
Fedhas
Kikubaaqudgha
Okawaru
Sif Muna
Xom
Zin
The Shining One

Shops:
D:1 !


Innate Abilities, Weirdness & Mutations

You cannot wear most types of armour.
You are amphibious.
You can wear up to eight rings at the same time.
Your skin changes colour to match your surroundings (Stealth+).
Your rubbery body absorbs attacks. (AC +1, EV +1)
((You are camouflaged when in or above water. (Stealth+)))
You have tentacles for arms and can constrict up to eight enemies at once.
You are partially covered in large bone plates. (SH +4)
You possess an exceptional clarity of mind.
Your mind is acute. (Int +4, Str/Dex -1)
You are clumsy. (Dex -2)


Message History

The orc wizard flickers and vanishes!
Deactivating autopickup; reactivate with Ctrl-A.
You tentacle-slap something. You constrict something. Something hits you.
You tentacle-slap something. Sif Muna accepts your kill.
Reactivating autopickup.
You feel a bit more experienced.
You closely miss the orc warrior. You grab the orc warrior.
You pierce the orc warrior, but do no damage.
You squeeze the orc warrior, but do no damage.
You constrict the orc warrior, but do no damage.
The orc warrior completely misses you.
You barely miss the orc warrior.
You tentacle-slap the orc warrior, but do no damage.
You constrict the orc warrior, but do no damage.
The orc warrior completely misses you.
You tentacle-slap the orc warrior but do no damage.
You constrict the orc warrior, but do no damage.
You bludgeon the orc warrior!
You pierce the orc warrior, but do no damage.
The orc warrior is moderately wounded.
You constrict the orc warrior.
The orc warrior hits you with a +0 scimitar!
You tentacle-slap the orc warrior but do no damage.
Your tentacle spike misses the orc warrior.
You squeeze the orc warrior!
The orc warrior is severely wounded.
You constrict the orc warrior, but do no damage.
The orc warrior completely misses you.
You barely miss the orc warrior.
The orc warrior is severely wounded.
Your tentacle spike disappears.
You constrict the orc warrior.
The orc warrior hits you with a +0 scimitar!
* * * LOW HITPOINT WARNING * * *
Really quaff the potion of attraction?
You feel attractive to monsters.
You constrict the orc warrior.
The orc warrior hits you with a +0 scimitar!
You die...

####### #.....#
#.....# #.....#
#.....#
#.....#########.
#....o...o......
#####o#.......#.
#@#.......#
#.#.......#
#.#.......#
#.######.## #.#
.# #.# .
#.###########
#...........#
###########.#


You could see an orc warrior and an orc.

Vanquished Creatures
  The ghost of Sanktem7 the Chopper, a novice MiFi (D:5)
  Grinder (D:4)
  A black bear (D:3)
  A sky beast (D:6)
  A centaur (D:5)
  A phantom (D:4)
  A scorpion (D:4)
  2 hounds (D:5)
  A jelly (D:5)
  A sleepcap (D:5)
  An iguana (D:5)
  2 orc wizards (D:6)
  10 adders
  A white imp (D:5)
  A worm (D:4)
  12 orcs
  10 ball pythons
  5 endoplasms
  3 giant cockroaches
  8 goblins
  8 hobgoblins
  2 jackals (D:5)
  6 kobolds
  3 quokkas
  4 bats
  6 frilled lizards
  5 rats
98 creatures vanquished.

Vanquished Creatures (collateral kills)
  A hound (D:4)
  An orc wizard (D:4)
2 creatures vanquished.

Grand Total: 100 creatures vanquished

Notes
Turn   | Place    | Note
-------+----------+-------------------------------------------
     0 | D:1      | Arctor the Octopode Transmuter began the quest for the Orb.
     0 | D:1      | Reached XP level 1. HP: 13/13 MP: 3/3
   216 | D:1      | Found Visolu's Distillery.
   222 | D:1      | Reached XP level 2. HP: 14/18 MP: 1/5
   659 | D:2      | Reached XP level 3. HP: 20/23 MP: 4/6
   985 | D:2      | Reached XP level 4. HP: 18/29 MP: 4/7
  1077 | D:2      | Learned a level 4 spell: Ice Form
  1661 | D:3      | Noticed a black bear
  1673 | D:3      | Killed a black bear
  1674 | D:3      | Reached skill level 3 in Transmutations
  1674 | D:3      | Reached skill level 1 in Ice Magic
  1674 | D:3      | Reached XP level 5. HP: 14/34 MP: 8/8
  1983 | D:3      | Got Juipt's Omnibus of Accomplices
  2040 | D:3      | Found an opulent altar of Gozag.
  2043 | D:3      | Found a snail-covered altar of Cheibriados.
  2043 | D:3      | Found a sacrificial altar of Ru.
  2045 | D:3      | Found a broken altar of Ashenzari.
  2045 | D:3      | Found a shimmering altar of Xom.
  2045 | D:3      | Found a snail-covered altar of Cheibriados.
  2494 | D:4      | Found a blossoming altar of Fedhas.
  2500 | D:4      | Noticed Grinder
  2526 | D:4      | Reached XP level 6. HP: 30/39 MP: 9/9
  2666 | D:4      | Killed Grinder
  2667 | D:4      | Reached skill level 4 in Transmutations
  2714 | D:4      | Reached XP level 7. HP: 37/44 MP: 8/10
  2779 | D:4      | Found a glowing golden altar of the Shining One.
  3078 | D:5      | Entered Level 5 of the Dungeon
  3103 | D:4      | HP: 2/44 [phantom (4)]
  3121 | D:4      | Reached skill level 5 in Transmutations
  3452 | D:5      | Found a runed translucent door.
  3452 | D:5      | Noticed Sanktem7's ghost (novice MiFi)
  3667 | D:5      | Killed Sanktem7's ghost
  3668 | D:5      | Reached skill level 5 in Unarmed Combat
  3668 | D:5      | Reached skill level 6 in Transmutations
  3668 | D:5      | Reached skill level 5 in Ice Magic
  3668 | D:5      | Reached XP level 8. HP: 29/49 MP: 7/11
  3862 | D:5      | Found a staircase to the Ecumenical Temple.
  3892 | Temple   | Entered the Ecumenical Temple
  3963 | Temple   | Became a worshipper of Sif Muna the Loreminder
  3994 | D:5      | Gained mutation: You occasionally lose the ability to drink
                  | potions when taking damage. [potion of mutation]
  3994 | D:5      | Gained mutation: You possess an exceptional clarity of
                  | mind. [potion of mutation]
  3994 | D:5      | Gained mutation: You occasionally lose the ability to read
                  | scrolls when taking damage. [potion of mutation]
  3995 | D:5      | Lost mutation: You occasionally lose the ability to read
                  | scrolls when taking damage. [potion of mutation]
  3995 | D:5      | Lost mutation: You occasionally lose the ability to drink
                  | potions when taking damage. [potion of mutation]
  3995 | D:5      | Gained mutation: You are partially covered in large bone
                  | plates. (SH +4) [potion of mutation]
  3995 | D:5      | Gained mutation: Your mind is acute. (Int +4, Str/Dex -1)
                  | [potion of mutation]
  3995 | D:5      | Gained mutation: You are clumsy. (Dex -2) [potion of
                  | mutation]
  4274 | D:5      | Found an ancient bone altar of Kikubaaqudgha.
  4930 | D:6      | Slain by an orc warrior

Illustrated notes

Levels and vault maps discovered:
D:1:      roderic_crossed_star, layout_rooms, serial_shops, shop,
          nicolae_figureground_sparkle
D:2:      layout_rooms, minmay_misc_feat_columns, minmay_hexomino_u4
D:3:      layout_loops_corners, doesnt_xom_only_xom
D:4:      layout_cave_pools, lemuel_crystal_altar, mainiacjoe_overflow_paths,
          uniq_grinder
D:5:      layout_cave_pods, mainiacjoe_overflow_alcove_1,
          minmay_temple_entry_overgrown, gammafunk_ghost_grave,
          minmay_manual_mess
D:6:      layout_basic, serial_shops, shop, minmay_unpleasant_kobolds
Temple:   grunt_temple_mini_profane

Skill      XL: |  1  2  3  4  5  6  7 |
---------------+----------------------+-----
Transmutations | 3 4 6 |  6.5
Ice Magic      | 1 2 3 5 |  5.8
Unarmed Combat | 4 5 |  5.4
Fighting       | |  1.7
Dodging        | |  2.5
Spellcasting   | |  2.4

Action                     |  1- 3 |  4- 6 |  7- 9 || total
---------------------------+-------+-------+-------++-------
  Melee: Unarmed           |    62 |    80 |   114 ||   256
         Tentacles         |    15 |    21 |    22 ||    58
         Kick              |    18 |    24 |    37 ||    79
         Constrict         |    19 |    21 |    20 ||    60
         Punch             |     1 |       |     7 ||     8
   Cast: Beastly Appendage |    33 |    27 |    27 ||    87
         Ice Form          |       |       |     1 ||     1
    Use: Scroll            |     1 |     3 |     4 ||     8
         Potion            |       |     1 |     5 ||     6
   Stab: Sleeping          |     3 |     1 |     2 ||     6
 Armour: Skin              |     4 |    14 |     7 ||    25
  Dodge: Dodged            |    33 |    57 |    92 ||   182
  Block: Other             |       |       |     5 ||     5
